 Dungeon Crawl Stone Soup version 0.23.0-3-gf3c87f2 (webtiles) character file.

Game seed: 9130218476207683276

34 Borgoz the Sneak (level 3, 0/28 HPs)
             Began as a Ghoul Enchanter on Feb 25, 2019.
             Slain by Robin
             ... wielding a +3 dagger of speed
              (6 damage)
             ... on level 2 of the Dungeon.
             The game lasted 00:02:29 (1479 turns).

Borgoz the Sneak (Ghoul Enchanter)                  Turns: 1479, Time: 00:02:31

Health: 0/28       AC:  2    Str: 11    XL:     3   Next: 31%
Magic:  2/4        EV: 12    Int: 13    God:
Gold:   37         SH:  0    Dex: 10    Spells: 2/5 levels left

rFire    . . .     SeeInvis .   a - +1 dagger
rCold    + . .     Gourm    .   (no shield)
rNeg     + + +     Faith    .   b - +0 robe
rPois    ∞         Spirit   .   (no helmet)
rElec    .         Reflect  .   (no cloak)
rCorr    .         Harm     .   (no gloves)
MR       .....                  (no boots)
Stlth    ++........             (no amulet)
HPRegen  0.00/turn              e - +3 ring of intelligence
MPRegen  0.09/turn              (no ring)

@: flying, rotting
A: rotting body, claws 1, carnivore, cold resistance 1, negative energy
resistance 3, inhibited regeneration, torment resistance, unbreathing
a: no special abilities


You were on level 2 of the Dungeon.
You were not hungry.

You visited 1 branch of the dungeon, and saw 2 of its levels.

You collected 37 gold pieces.

Inventory:

Hand Weapons
 a - a +1 dagger (weapon)
Armour
 b - a +0 robe (worn)
Jewellery
 e - a +3 ring of intelligence (left claw)
Scrolls
 c - a scroll of magic mapping {unknown}
 f - a scroll of enchant weapon {unknown}
 g - a scroll of remove curse {unknown}
Comestibles
 d - 3 rations
 i - a chunk of flesh


   Skills:
 + Level 1.3 Fighting
 + Level 1.4 Short Blades
 + Level 2.2 Dodging
 + Level 3.7 Stealth
 + Level 1.8 Spellcasting
 - Level 2.4 Hexes


You had 2 spell levels left.
You knew the following spells:

 Your Spells              Type           Power        Failure   Level  Hunger
a - Corona                Hex            #......      10%         1    ##.....
b - Ensorcelled Hibernat  Hex/Ice        #.....       24%         2    ###....

Your spell library contained the following spells:

 Spells                   Type           Power        Failure   Level  Hunger
 Confuse                  Hex            #.......     28%         3    ####...
 Tukima's Dance           Hex            #.......     28%         3    ####...
 Dazzling Spray           Conj/Hex       #.....       43%         3    ####...


Dungeon Overview and Level Annotations

Branches:
Dungeon (2/15)

Altars:

Annotations:
D:2 Robin


Innate Abilities, Weirdness & Mutations

Your body is rotting away.
You thrive on raw meat.
You are immune to poison.
You have sharp fingernails.
You are carnivorous and can eat meat at any time.
Your flesh is cold resistant. (rC+)
You are immune to negative energy. (rN+++)
You do not regenerate when monsters are visible.
You are immune to unholy pain and torment.
You can survive without breathing.


Message History

You hit the goblin.
You kill the goblin!
Casting: Corona (safe; 10% risk of failure)
Confirm with . or Enter, or press ? or * to list all spells.
Aiming: Corona (safe; 10% risk of failure)
Press: ? - help, Shift-Dir - straight line, f - Robin
Aim: Robin, wielding a +3 dagger of speed, wearing a cursed +0 animal skin and wearing a +0 helmet (chance to defeat MR: 50%) Robin is outlined in light.
Robin laughs in a distinctly smug fashion.
Robin hits you with a +3 dagger of speed.
You barely miss Robin. Robin throws the goblin at you!
The goblin hits you with a +0 dagger.
It was a potion of flight.
You feel very buoyant.
You fly up into the air.
Robin hits you with a +3 dagger of speed.
* * * LOW HITPOINT WARNING * * *
The goblin closely misses you.
Robin hits you with a +3 dagger of speed.
You die...

#####..###..#....#..#..#
#.........#####.....#..#
#...........# #..#.....#######
#...........###..#..#....#...#
#####.>.......######.....#...#
###################.#..#......#
..........g......##.#..#......#
########......##g##.######....#
...g.. #....>.##@##...........#
.ggg.. #......##g##.###########
.g..g. #......##.##.# g..g..
#......##.##.# ..g.g.
#.........##.# .....g
##...........# .g....
#.#.######### ..


You could see Robin and a goblin.

Vanquished Creatures
  An adder (D:2)
  An ooze (D:2)
  2 dart slugs
  A bat (D:2)
  4 goblins
  3 hobgoblins
  A kobold (D:1)
  4 rats
17 creatures vanquished.

Notes
Turn   | Place    | Note
-------+----------+-------------------------------------------
     0 | D:1      | Borgoz the Ghoul Enchanter began the quest for the Orb.
     0 | D:1      | Reached XP level 1. HP: 14/14 MP: 2/2
   412 | D:1      | Reached skill level 1 in Short Blades
   658 | D:1      | Reached XP level 2. HP: 12/22 MP: 1/3
   886 | D:2      | Reached skill level 1 in Fighting
   893 | D:2      | Reached XP level 3. HP: 7/28 MP: 1/4
  1147 | D:2      | Learned a level 2 spell: Ensorcelled Hibernation
  1450 | D:2      | Noticed Robin
  1479 | D:2      | Slain by Robin

Skill      XL: |  1  2 |
---------------+-------+-----
Short Blades   | 1 |  1.4
Dodging        | 2 |  2.2
Fighting       | 1 |  1.3
Stealth        | |  3.7
Spellcasting   | |  1.8
Hexes          | |  2.4

Action                   || total
-------------------------++-------
Melee: Dagger            ||    97
 Cast: Corona            ||    14
  Use: Potion            ||     1
  Eat: Chunk             ||     4
Armor: Robe              ||     9
Dodge: Dodged            ||    51
